 Dungeon Crawl Stone Soup version 0.17.0-28-g6e173f8 (webtiles) character file.

100 rgaf the Digger (level 4, -4/24 HPs)
             Began as a Gargoyle Earth Elementalist on Nov 28, 2015.
             Slain by a worm (7 damage)
             ... on level 2 of the Dungeon.
             The game lasted 00:07:49 (3109 turns).

rgaf the Digger (Gargoyle Earth Elementalist)       Turns: 3109, Time: 00:07:49

Health: -4/24      AC:  5    Str: 12    XL:     4   Next: 74%
Magic:  4/8        EV: 11    Int: 16    God:
Gold:   41         SH:  5    Dex: 10    Spells: 3 memorised, 2 levels left

rFire  . . .     SeeInvis .     h - -2 hand axe (curse)
rCold  . . .     Clarity  .     a - +0 robe
rNeg   + + .     SustAt   .     e - +2 buckler
rPois  ∞         Gourm    .     (no helmet)
rElec  +         Spirit   .     (no cloak)
rCorr  .         Warding  .     (no gloves)
rMut   +         Stasis   .     (no boots)
MR     .....                    g - amulet of resist mutation
Stlth  ++........               (no ring)
                                n - ring of positive energy

@: very slightly contaminated, not resistant to hostile enchantments, unstealthy
A: negative energy resistance 1, electricity resistance, unbreathing,
petrification resistance, rot immunity, AC +3
a: no special abilities


You were on level 2 of the Dungeon.
You were not hungry.

You visited 1 branch of the dungeon, and saw 2 of its levels.

You collected 41 gold pieces.

Inventory:

Hand Weapons
 f - a +0 hand axe
 h - a cursed -2 hand axe (weapon)
 j - a +0 halberd
 p - a +0 dagger of flaming
Missiles
 b - 158 stones (quivered)
Armour
 a - a +0 robe (worn)
 e - a +2 buckler (worn)
Jewellery
 g - an amulet of resist mutation (around neck)
 n - a ring of positive energy (left hand)
Scrolls
 i - 4 scrolls of identify
 l - 2 scrolls of noise
Potions
 m - a potion of curing
Books
 c - a book of Geomancy

   Spells                             Type                      Level
   a - Sandblast                      Earth                        1
   b - Stoneskin                      Transmutation/Earth          2
   c - Passwall                       Transmutation/Earth          3
   d - Stone Arrow                    Conjuration/Earth            3
   e - Petrify                        Transmutation/Earth          4
   f - Lee's Rapid Deconstruction     Earth                        5
Comestibles
 d - 3 bread rations
 k - a royal jelly
 o - 2 chunks of flesh


   Skills:
 - Level 1.5 Dodging
 - Level 2.1 Stealth
 + Level 3.0 Spellcasting
 - Level 0.7 Transmutations
 * Level 5.6 Earth Magic


You had 2 spell levels left.
You knew the following spells:

 Your Spells              Type           Power        Failure   Level  Hunger
a - Sandblast             Erth           ###...       3%          1    #......
b - Stone Arrow           Conj/Erth      ##....       30%         3    ###....
c - Passwall              Trmt/Erth      ##........   30%         3    ###....


Dungeon Overview and Level Annotations

Branches:
Dungeon (2/15)

Altars:
Gozag
Kikubaaqudgha
Nemelex Xobeh
Sif Muna

Annotations:
D:2 Sigmund


Innate Abilities, Weirdness & Mutations

You are resistant to torment.
Your stone body is resilient (AC +3).
You are immune to poison.
You resist negative energy.
You are resistant to electric shocks.
You can survive without breathing.
You are immune to petrification.
You are immune to rotting.


Message History

The worm is moderately wounded.
The worm misses you.
You hit the worm.
The worm is heavily wounded.
You barely miss the worm.
The worm is heavily wounded.
The worm barely misses you.
You hit the worm.
The worm is severely wounded.
The worm bites you!
You hit the worm.
The worm is severely wounded.
The worm bites you!
* * * LOW HITPOINT WARNING * * *
You are too injured to fight recklessly!
You are too injured to fight recklessly!
You barely miss the worm.
The worm is severely wounded.
The worm bites you!
You die...

##### #...#
##...## #..<..# #
#..@..# ##
##..w## ##.
#....### ##..
###....##### #...
###......#####...
#.###.!.##.....
#.###...#..####
#...#.#....####
###.#.#..#.....


You could see a worm.

Vanquished Creatures
  3 gnolls
  An adder (D:2)
  A worm (D:2)
  A giant gecko (D:1)
  3 giant cockroaches
  8 goblins
  7 hobgoblins
  5 kobolds
  13 bats
  5 giant newts
  6 jackals (D:1)
  5 rats
58 creatures vanquished.

Notes
Turn   | Place    | Note
--------------------------------------------------------------
     0 | D:1      | rgaf the Gargoyle Earth Elementalist began the quest for the Orb.
     0 | D:1      | Reached XP level 1. HP: 10/10 MP: 3/3
   538 | D:1      | Reached skill level 4 in Earth Magic
   600 | D:1      | Reached XP level 2. HP: 7/15 MP: 0/5
  1144 | D:1      | Reached XP level 3. HP: 15/19 MP: 6/6
  1656 | D:2      | Reached skill level 5 in Earth Magic
  1800 | D:2      | Found an ancient bone altar of Kikubaaqudgha.
  1896 | D:2      | Noticed Sigmund
  2094 | D:1      | Learned a level 3 spell: Stone Arrow
  2098 | D:1      | Learned a level 3 spell: Passwall
  2185 | D:2      | Reached XP level 4. HP: 24/24 MP: 2/7
  2990 | D:2      | Found a sparkling altar of Nemelex Xobeh.
  2991 | D:2      | Found an opulent altar of Gozag.
  3027 | D:2      | Found a deep blue altar of Sif Muna.
  3109 | D:2      | Slain by a worm

Action                   |  1- 3 |  4- 6 || total
-------------------------+-------+-------++-------
Melee: Hand axe          |   135 |    56 ||   191
 Cast: Sandblast         |    59 |    17 ||    76
       Stone Arrow       |       |     5 ||     5
  Use: Scroll            |     3 |       ||     3
 Stab: Distracted        |       |     1 ||     1
  Eat: Chunk             |     4 |     2 ||     6
       Pizza             |     1 |     1 ||     2
